 Dungeon Crawl Stone Soup version 0.19.0-11-g3fc08b3 (webtiles) character file.

398 thirtiethelement the Skirmisher (level 6, -3/43 HPs)
             Began as an Octopode Wanderer on Nov 10, 2016.
             Was a Follower of Uskayaw.
             Slain by an ogre
             ... wielding a +0 giant spiked club
              (22 damage)
             ... on level 4 of the Dungeon.
             The game lasted 00:24:40 (2616 turns).

thirtiethelement the Skirmisher (Octopode Wanderer) Turns: 2616, Time: 00:24:40

Health: -3/43      AC:  1    Str: 12    XL:     6   Next: 83%
Magic:  11/11      EV: 13    Int: 14    God:    Uskayaw [*.....]
Gold:   107        SH:  0    Dex: 13    Spells: 5 memorised, 2 levels left

rFire  . . .     SeeInvis .       - Unarmed
rCold  . . .     Gourm    .     (no shield)
rNeg   + . .     Faith    .     (helmet restricted)
rPois  .         Spirit   .     (no amulet)
rElec  .         Reflect  .     p - ring of positive energy
rCorr  .         Harm     .     (no ring)
MR     .....                    (no ring)
Stlth  +++.......               (no ring)
                                (no ring)
                                (no ring)
                                (no ring)
                                (no ring)

@: no status effects
A: almost no armour, stealthy swim, amphibious, 8 rings, constrict 8, camouflage
1, gelatinous body 1
a: Stomp, Renounce Religion


You were on level 4 of the Dungeon.
You worshipped Uskayaw.
Uskayaw was noncommittal.
You were not hungry.

You visited 1 branch of the dungeon, and saw 4 of its levels.

You collected 107 gold pieces.

Inventory:

Missiles
 e - 147 stones (quivered)
Armour
 h - a +1 shield
Jewellery
 o - an uncursed ring of loudness
 p - a ring of positive energy (left tentacle)
Wands
 k - a wand of confusion (26/48)
Potions
 b - a potion of invisibility {unknown}
 d - a potion of flight {unknown}
 g - 4 potions of curing
 j - a potion of mutation {unknown}
 l - a potion of beneficial mutation {unknown}
 m - 2 potions of cure mutation {unknown}
 n - a potion of haste {unknown}
 q - a potion of heal wounds {unknown}
Books
 a - a book of Minor Magic

   Spells                             Type                      Level
   a - Magic Dart                     Conjuration                  1
   b - Blink                          Translocation                2
   c - Call Imp                       Summoning                    2
   d - Repel Missiles                 Charms/Air                   2
   e - Slow                           Hexes                        2
   f - Conjure Flame                  Conjuration/Fire             3
   g - Mephitic Cloud                 Conjuration/Poison/Air       3
 c - the Catalogue of Fire

   Spells                             Type                      Level
   a - Flame Tongue                   Conjuration/Fire             1
   b - Conjure Flame                  Conjuration/Fire             3
Comestibles
 f - 4 bread rations
 i - 3 meat rations
 r - 4 fruits


   Skills:
 - Level 4.0 Fighting
   Level 1.0 Crossbows
 - Level 1.0 Throwing
 + Level 1.5 Dodging
 + Level 1.7 Stealth
 * Level 2.8 Shields
 + Level 2.1 Unarmed Combat
 + Level 3.4 Spellcasting
 + Level 1.8 Conjurations
 + Level 1.0 Hexes
 + Level 2.4 Fire Magic
 + Level 1.1 Evocations


You had 2 spell levels left.
You knew the following spells:

 Your Spells              Type           Power        Failure   Level  Hunger
a - Flame Tongue          Conj/Fire      #....        12%         1    #......
b - Magic Dart            Conj           #...         12%         1    #......
c - Slow                  Hex            #.......     24%         2    ##.....
d - Conjure Flame         Conj/Fire      #.......     30%         3    ###....
e - Call Imp              Summ           #.......     34%         2    ##.....


Dungeon Overview and Level Annotations

Branches:
Dungeon (4/15)
 Temple: D:4-7

Altars:
Uskayaw

Shops:
D:4 *


Innate Abilities, Weirdness & Mutations

You cannot wear most types of armour.
You are very stealthy in the water. (Stealth+)
You are amphibious.
You can wear up to eight rings at the same time.
You can use your tentacles to constrict eight enemies at once.
Your skin changes colour to match your surroundings (Stealth+).
Your rubbery body absorbs attacks. (AC +1, EV +1)


Message History

Found a stone staircase leading down.
An ogre comes into view. It is wielding a giant spiked club.
The ogre shouts!
A gnoll comes into view. It is wielding a whip.
A gnoll comes into view.
Casting: Flame Tongue
Confirm with . or Enter, or press ? or * to list all spells.
Aiming: Flame Tongue
Press: ? - help, Shift-Dir - straight line, f - ogre
Aim: an ogre, wielding a giant spiked club The flame tongue hits the ogre.
The ogre is lightly wounded.
The gnoll shouts! x2
The ogre hits you with a giant spiked club!!
* * * LOW HITPOINT WARNING * * *
Okay, then.
There is a stone staircase leading up here.
The ogre hits you with a giant spiked club!!
Ouch! That really hurt!
You die...

#..#.# #.##.# #..#.# #.##.#
#..#.# #.##.# #..#.# #.##g#
# #..#.# #.##.# # #..#.#
#.##.# # #..#.#### #.##.#
#### #.......##########.##.#
...###.##.......@O...g.....#
.......#####.............###
....#### ###########.#.#
###.# #.#.# # #.# #.#.# #
#.# #.#.# # #.# #.#.# #.#
#.#.# #.# ####.#.#


You could see an ogre and a gnoll.

Vanquished Creatures
  The ghost of oshikia the Slasher, an amateur DsGl of Ashenzari (D:3)
  A hound (D:4)
  Ijyb (D:3)
  A centaur skeleton (D:4)
  A worker ant (D:4)
  8 adders
  A howler monkey skeleton (D:4)
  2 oozes
  An adder skeleton (D:4)
  6 worms
  A dart slug (D:1)
  A leopard gecko (D:2)
  An orc (D:4)
  A ball python (D:1)
  5 bats
  5 giant cockroaches
  4 goblins
  7 hobgoblins
  2 frilled lizards
  5 kobolds
  9 rats
64 creatures vanquished.

Notes
Turn   | Place    | Note
-------+----------+-------------------------------------------
     0 | D:1      | thirtiethelement the Octopode Wanderer began the quest for the Orb.
     0 | D:1      | thirtiethelement set off with: a book of Minor Magic, a potion of lignification, the Catalogue of Fire, a +0 club, a bread ration
     0 | D:1      | Reached XP level 1. HP: 17/17 MP: 2/2
     2 | D:1      | Learned a level 1 spell: Flame Tongue
     4 | D:1      | Learned a level 1 spell: Magic Dart
   358 | D:1      | Reached XP level 2. HP: 21/22 MP: 1/4
   655 | D:2      | Found a faded altar of an unknown god.
   668 | D:2      | Became a worshipper of Uskayaw the Reveler
   668 | D:2      | Reached * piety under Uskayaw
   694 | D:2      | Reached ** piety under Uskayaw
   697 | D:2      | Reached skill level 1 in Shields
   697 | D:2      | Reached XP level 3. HP: 26/27 MP: 1/6
   697 | D:2      | Reached *** piety under Uskayaw
   805 | D:2      | Reached skill level 1 in Unarmed Combat
   806 | D:2      | HP: 1/27 [kobold/stone (2)]
   888 | D:2      | Reached XP level 4. HP: 9/33 MP: 2/7
  1078 | D:2      | Reached skill level 1 in Stealth
  1658 | D:3      | Reached XP level 5. HP: 24/37 MP: 4/8
  1698 | D:3      | Noticed oshikia's ghost (amateur DsGl)
  1967 | D:3      | Reached skill level 1 in Conjurations
  1999 | D:3      | Noticed Ijyb
  2008 | D:3      | Killed Ijyb
  2008 | D:3      | Reached skill level 1 in Dodging
  2128 | D:3      | Killed oshikia's ghost
  2128 | D:3      | Reached XP level 6. HP: 43/43 MP: 2/10
  2221 | D:3      | Learned a level 2 spell: Slow
  2225 | D:3      | Learned a level 3 spell: Conjure Flame
  2293 | D:4      | Learned a level 2 spell: Call Imp
  2455 | D:4      | Found Edodoc's Assorted Antiques.
  2616 | D:4      | Slain by an ogre

Skill      XL: |  1  2  3  4  5  6 |
---------------+-------------------+-----
Spellcasting   | 2 3 |  3.4
Shields        | 1 2 |  2.8
Unarmed Combat | 1 2 |  2.1
Stealth        | 1 |  1.7
Fire Magic     | 2 |  2.4
Conjurations   | 1 |  1.8
Dodging        | 1 |  1.5
Fighting       | |  4.0
Crossbows      | |  1.0
Throwing       | |  1.0
Hexes          | |  1.0
Evocations     | |  1.1

Action                   |  1- 3 |  4- 6 || total
-------------------------+-------+-------++-------
Melee: Unarmed           |    43 |    80 ||   123
       Constrict         |    14 |    18 ||    32
       Tentacles         |     4 |    18 ||    22
Throw: Stone             |     3 |     4 ||     7
 Cast: Magic Dart        |    11 |    26 ||    37
       Flame Tongue      |    14 |    43 ||    57
       Call Imp          |       |     1 ||     1
Invok: Stomp             |       |     1 ||     1
  Use: Scroll            |     1 |     4 ||     5
       Potion            |       |     2 ||     2
 Stab: Sleeping          |     2 |       ||     2
       Paralysed         |       |     1 ||     1
  Eat: Bread ration      |     1 |     1 ||     2
Armor: Skin              |     8 |    16 ||    24
Dodge: Dodged            |    34 |    42 ||    76
Block: Shield            |     1 |       ||     1
